AoeStats
← Josmi-Ga'lock

Pilgrims

508993726Analyzed
3v3 RM · 9d ago on Sep 25, 2026· 33m 44s· 6 players
Game mode
Random Map
Map size
Normal (6 player)
Population
200
Speed
Normal
Resources
Standard
Victory
Conquest
Starting age
Dark Age
Ending age
Imperial Age
RankedLock teamsTeams togetherTeam positionsShared explorationLock speedFull tech treeHidden civsTurbo modeCheats
Victory
Defeat
🇧🇷 Portuguese · Brazil
941
+14
🇻🇪 Danes · Venezuela
910
+15
🇦🇷 Varangians · Argentina
901
+15
🇵🇱 Cumans · Poland
918
-17
🇲🇽 Varangians · Mexico
884
-14
🇧🇷 Teutons · Brazil
853
-36
NordicPain
5:42 Loom
8:50 Feudal Age
15:01 Town Watch
21:49 Castle Age
20:52 Bloodlines
21:00 Gold Mining
22:06 Forging
21:49 Horse Collar
27:49 Light Cavalry
malolepszy.adrian
10:17 Feudal Age
13:41 Wheelbarrow
13:41 Fishing Lines
20:50 Castle Age
19:02 Double-Bit Axe
19:14 Man-at-Arms
21:47 Stone Mining
22:16 Hand Cart
22:22 Bow Saw
22:05 Gold Mining
22:30 Gillnets
24:27 Gold Shaft Mining
28:40 Medium Warships
28:45 Town Watch
29:52 Medium Warships
32:39 Imperial Age
Sr.Kisefoda
6:36 Loom
10:49 Feudal Age
11:39 Town Watch
23:49 Castle Age
Abyssus
4:02 Loom
9:12 Feudal Age
10:22 Fishing Lines
11:46 Town Watch
14:42 Double-Bit Axe
19:20 Castle Age
17:14 Gold Mining
17:17 Stone Mining
19:31 Gold Mining
20:21 Gillnets
20:37 Horse Collar
21:09 Squires
20:55 Arson
21:18 Pikeman
22:46 Scale Mail Armor
22:36 Fletching
24:57 Chain Mail Armor
26:43 Forging
28:33 Wheelbarrow
28:45 Hamask
30:59 Heavy Plow
33:24 Iron Casting
Josmi-Ga'lock
4:43 Loom
7:30 Feudal Age
9:52 Double-Bit Axe
11:17 Fishing Lines
14:02 Town Watch
16:26 Fletching
20:07 Castle Age
19:27 Stone Mining
21:06 Bow Saw
21:44 Stone Shaft Mining
22:29 Gold Mining
26:45 Gillnets
27:52 Bodkin Arrow
28:50 Ballistics
28:13 Treadmill Crane
29:52 Horse Collar
32:54 Imperial Age
31:03 Wheelbarrow
31:06 Squires
33:25 Hand Cart
34:26 Fervor
ChronoMiner
5:19 Loom
13:09 Feudal Age
14:09 Double-Bit Axe
16:45 Fletching
25:07 Castle Age
22:54 Town Watch
24:36 Fishing Lines
26:10 Medium Warships
28:00 Clinker Construction
28:00 Careening
27:56 Siphons
28:43 Bow Saw
28:57 Town Patrol
29:32 Wheelbarrow
29:41 Bodkin Arrow
32:51 Ballistics
32:23 Heated Shot
Connection lost

Rejoining the realm…

Still unreachable

The connection could not be restored.

Session expired

The server has moved on; the page needs a fresh start.